 Dungeon Crawl Stone Soup version 0.19.1 (webtiles) character file.

14982 XO4YCPATb the Blocker (level 11, -4/94 HPs)
             Began as a Troll Hunter on Dec 19, 2016.
             Was a Believer of Jiyva.
             Slain by an elephant (5 damage)
             ... on level 6 of the Lair of Beasts.
             The game lasted 00:27:40 (11026 turns).

XO4YCPATb the Blocker (Troll Hunter)               Turns: 11026, Time: 00:27:40

Health: -4/94      AC:  7    Str: 27    XL:     11   Next: 95%
Magic:  10/10      EV:  9    Int:  7    God:    Jiyva [**....]
Gold:   546        SH:  0    Dex: 13    Spells: 0 memorised, 10 levels left

rFire  + . .     SeeInvis .       - Unarmed
rCold  . . .     Gourm    +     b - +0 robe
rNeg   . . .     Faith    .     i - +0 large shield
rPois  .         Spirit   .     (helmet restricted)
rElec  .         Reflect  .     K - +0 cloak {MR+}
rCorr  .         Harm     .     (gloves unavailable)
MR     ++...                    (boots unavailable)
Stlth  +.........               (no amulet)
                                z - ring of protection from magic
                                C - ring of protection from fire

@: confused, mighty
A: unfitting armour, claws 3, rugged brown scales 1, fast metabolism 3,
gourmand, regeneration 1, shaggy fur 1, tough skin 2
a: Request Jelly, Renounce Religion


You were on level 6 of the Lair of Beasts.
You worshipped Jiyva.
Jiyva was pleased with you.
You were very full.

You visited 2 branches of the dungeon, and saw 15 of its levels.
You also visited: Ossuary.

You collected 728 gold pieces.
You spent 182 gold pieces at shops.

Inventory:

Hand Weapons
 q - a +0 blowgun
Missiles
 o - 18 javelins
 s - 8 curare-tipped needles
 v - a throwing net
 N - 28 poisoned needles
 P - a large rock (quivered)
Armour
 b - a +0 robe (worn)
 i - a +0 large shield (worn)
 K - a +0 cloak of magic resistance (worn)
 O - the +3 hat of Pondering {ponderous, MR+ MP+10 Int+5}
   (You took it off Gastronok on level 1 of the Lair of Beasts)

   It affects your intelligence (+5).
   It affects your resistance to hostile enchantments.
   It affects your magic capacity (+10).
Jewellery
 k - an uncursed ring of positive energy
 l - an uncursed ring of flight
 z - a ring of protection from magic (right claw)
 C - a ring of protection from fire (left claw)
Wands
 L - a wand of iceblast (0/15)
 M - a wand of paralysis (5/24)
Scrolls
 c - a scroll of recharging
 e - 3 scrolls of remove curse
 g - 6 scrolls of fog
 j - a scroll of enchant weapon
 p - 4 scrolls of enchant armour
 r - 3 scrolls of amnesia
 x - 6 scrolls of immolation
 F - 2 scrolls of teleportation
 I - a scroll of magic mapping
Potions
 a - a potion of cancellation
 h - 4 potions of curing
 u - 6 potions of flight
 w - a potion of ambrosia
 B - 2 potions of agility
 Q - a potion of brilliance {unknown}
Books
 y - a book of Geomancy

   Spells                             Type                      Level
   a - Sandblast                      Earth                        1
   b - Passwall                       Transmutation/Earth          2
   c - Stone Arrow                    Conjuration/Earth            3
   d - Petrify                        Transmutation/Earth          4
   e - Lee's Rapid Deconstruction     Earth                        5
Miscellaneous
 t - a disc of storms
Comestibles
 d - 5 meat rations
 f - 9 bread rations
 m - a royal jelly
 n - 4 fruits
 A - 5 beef jerkies
 E - a slice of pizza


   Skills:
 - Level 1.5 Fighting
 - Level 5.7 Throwing
 - Level 1.5 Dodging
 - Level 0.3 Stealth
 + Level 12.8 Shields
 - Level 10.5 Unarmed Combat


You had 10 spell levels left.
You didn't know any spells.

Dungeon Overview and Level Annotations

Branches:
Dungeon (9/15)             Temple (0/1) D:7            Lair (6/6) D:9
 Shoals (0/4) Lair:4        Slime (0/5) Lair:5
  Snake: Lair:2-4    Spider: Lair:2-4       Orc: D:9-12

Altars:
Cheibriados
Dithmenos
Gozag
Hepliaklqana
Kikubaaqudgha
Nemelex Xobeh
Okawaru
Qazlal
Trog
Vehumet
Xom
Yredelemnul
Jiyva

Shops:
D:4 !   D:8 :   D:9 (

Annotations:
D:7 Squonk's ghost, novice HaHu
Lair:1 exclusion: hydra, Fannar


Innate Abilities, Weirdness & Mutations

You are too large for most types of armour.
You have claws for hands.
Your metabolism is lightning-fast.
You like to eat raw meat.
Your natural rate of healing is unusually fast.
You are covered in fur. (AC +1)
You have very tough skin. (AC +2)
You are partially covered in rugged brown scales. (AC +1, +3% HP)


Message History

The elephant trunk-slaps you.
* * * LOW HITPOINT WARNING * * *
Unknown command.
The elephant closely misses you.
The elephant trunk-slaps you but does no damage.
Unknown command.
You barely miss the elephant.
The elephant is severely wounded.
The elephant tramples you!
* * * LOW HITPOINT WARNING * * *
You hold your ground!
The elephant trunk-slaps you but does no damage.
The elephant closely misses you. The elephant barely misses you.
The elephant closely misses you. The elephant barely misses you.
You bump into the stone wall.
The merfolk avatar chants a haunting song.
You resist. The elephant tramples you!
* * * LOW HITPOINT WARNING * * *
You hold your ground!
The elephant trunk-slaps you.
You die...

.......................
.....P.P...............
PP....PP..............
###..PPP#..###.#....#
.##P.P.......#..P..# ..
.#.................##...
.#.P.......<...t........
..P≈≈...P≈≈≈.≈.YY≈≈.≈..≈
≈##≈P≈#≈≈##≈≈##Y@##P≈##
≈##≈≈≈#m≈##≈≈≈≈≈≈# ≈
≈≈≈≈≈m≈≈≈P≈≈m≈≈≈≈≈≈≈≈≈≈
P≈≈≈≈≈≈≈P≈≈≈≈≈≈≈≈≈PP≈≈≈
≈#≈≈########.##########
.≈#≈# ≈P≈P ≈≈P≈≈ P≈≈#≈
≈≈≈≈# #≈≈≈ ≈ .##≈# #≈≈


You could see a merfolk avatar, 3 elephants and a crocodile.

Vanquished Creatures
  Gastronok (Lair:1)
  A hydra (Lair:1)
  Sonja (Lair:1)
  Pikel (D:9)
  2 elephants (Lair:4)
  5 spiny frogs
  2 komodo dragons
  A hornet (Lair:6)
  5 blink frogs
  A two-headed ogre (D:9)
  3 hippogriffs
  2 wyverns
  Grum (D:9)
  A basilisk (Lair:1)
  2 yaks (Lair:4)
  2 hungry ghosts
  4 water moccasins
  6 porcupines
  Duvessa (D:7)
  A slave (D:9)
  3 orc warriors (D:8)
  2 sky beasts
  11 wolves
  2 ogres (D:8)
  2 centaurs
  8 crocodiles
  A big kobold (D:9)
  3 bullfrogs
  A wyvern skeleton (D:9)
  Dowan (D:7)
  4 scorpions
  5 killer bees (D:9)
  A water moccasin skeleton (D:6)
  10 wights (D:7)
  2 electric eels (Lair:2)
  4 howler monkeys
  4 crimson imps
  2 bullfrog zombies (D:9)
  A quasit (D:7)
  A centaur skeleton (D:5)
  2 hounds
  2 orc priests
  A jelly (D:7)
  Crazy Yiuf (D:7)
  2 bullfrog skeletons (D:7)
  3 human zombies (Ossuary)
  Terence (D:2)
  4 iguanas
  4 worker ants
  3 orc wizards
  2 big kobold zombies (Ossuary)
  6 mummies
  A howler monkey zombie (D:5)
  2 worker ant zombies
  7 adders
  8 gnolls
  3 shadow imps
  An adder skeleton (D:4)
  3 worms
  2 dart slugs (D:2)
  5 leopard geckos
  41 orcs
  7 bats
  8 giant cockroaches
  8 hobgoblins
  12 jackals
  6 kobolds
  6 quokkas
  A ball python (D:1)
  A ball python skeleton (D:4)
  3 frilled lizards (D:2)
  2 gnoll zombies (Ossuary)
  5 goblins
  A jackal zombie (D:5)
  A leopard gecko skeleton (D:4)
  An orc zombie (Ossuary)
  4 rats
  A spectral orc (D:8)
  13 plants (D:2)
295 creatures vanquished.

Vanquished Creatures (others)
  A spiny frog (Lair:5)
  A porcupine (Lair:5)
  2 slaves (D:9)
  A crocodile (Lair:5)
  16 jellies
  A fungus (Lair:6)
  5 plants
27 creatures vanquished.

Grand Total: 322 creatures vanquished

Notes
Turn   | Place    | Note
-------+----------+-------------------------------------------
     0 | D:1      | XO4YCPATb the Troll Hunter began the quest for the Orb.
     0 | D:1      | Reached XP level 1. HP: 19/19 MP: 0/0
    99 | D:1      | Reached skill level 1 in Unarmed Combat
   177 | D:1      | Reached XP level 2. HP: 27/27 MP: 1/1
   869 | D:2      | Reached XP level 3. HP: 33/33 MP: 2/2
  1435 | D:2      | Reached XP level 4. HP: 20/41 MP: 3/3
  1440 | D:2      | Reached skill level 1 in Shields
  1861 | D:2      | Noticed Terence
  1876 | D:2      | Killed Terence
  2565 | D:3      | Reached XP level 5. HP: 48/48 MP: 4/4
  3284 | D:4      | Reached skill level 2 in Shields
  3284 | D:4      | Reached XP level 6. HP: 43/55 MP: 5/5
  3377 | D:4      | Found Icisoweu's Distillery.
  3412 | D:4      | Bought a potion of heal wounds for 70 gold pieces
  3412 | D:4      | Bought a potion of heal wounds for 70 gold pieces
  3412 | D:4      | Bought a potion of lignification for 42 gold pieces
  3672 | D:4      | Reached skill level 5 in Unarmed Combat
  3709 | D:4      | Found a radiant altar of Vehumet.
  3710 | D:4      | Found a snail-covered altar of Cheibriados.
  3710 | D:4      | Found a bloodstained altar of Trog.
  3710 | D:4      | Found an iron altar of Okawaru.
  3730 | D:4      | Reached skill level 5 in Throwing
  3730 | D:4      | Reached XP level 7. HP: 62/62 MP: 6/6
  3789 | D:4      | Found a stormy altar of Qazlal.
  3793 | D:4      | Found a shadowy altar of Dithmenos.
  3929 | D:5      | Entered Level 5 of the Dungeon
  4190 | D:5      | Reached skill level 3 in Shields
  4464 | D:6      | Found a sand-covered staircase.
  4478 | Ossuary  | Entered an ossuary
  4787 | D:6      | Found a shimmering altar of Xom.
  4788 | D:6      | Found a hazy altar of Hepliaklqana.
  4788 | D:6      | Noticed a hungry ghost
  4789 | D:6      | Noticed a spectral ugly thing
  4789 | D:6      | Noticed a hungry ghost
  4832 | D:6      | Reached XP level 8. HP: 70/70 MP: 7/7
  5085 | D:6      | Found an opulent altar of Gozag.
  5086 | D:6      | Found a sparkling altar of Nemelex Xobeh.
  5241 | D:7      | Found a runed door.
  5336 | D:7      | Noticed Crazy Yiuf
  5342 | D:7      | Killed Crazy Yiuf
  5491 | D:7      | Reached skill level 4 in Shields
  5620 | D:7      | Found a staircase to the Ecumenical Temple.
  5655 | D:7      | Noticed Duvessa
  5655 | D:7      | Noticed Dowan
  5670 | D:7      | Killed Duvessa
  5672 | D:7      | Killed Dowan
  5786 | D:7      | Found an ancient bone altar of Kikubaaqudgha.
  5844 | D:7      | Reached XP level 9. HP: 72/76 MP: 8/8
  5854 | D:7      | Reached skill level 5 in Shields
  6026 | D:7      | Noticed Squonk's ghost (novice HaHu)
  6502 | D:8      | Found Beebrah's Book Shoppe.
  6689 | D:8      | Gained mutation: You are partially covered in rugged brown scales. (AC +1, +3% HP) [potion of beneficial mutation]
  6772 | D:8      | Found a basalt altar of Yredelemnul.
  7248 | D:8      | Reached skill level 10 in Unarmed Combat
  7325 | D:8      | Reached skill level 6 in Shields
  7829 | D:9      | Found a staircase to the Lair.
  7830 | D:9      | Noticed a komodo dragon
  7870 | D:9      | Killed a komodo dragon
  7903 | Lair:1   | Entered Level 1 of the Lair of Beasts
  7931 | Lair:1   | Reached skill level 7 in Shields
  7931 | Lair:1   | Reached XP level 10. HP: 87/87 MP: 9/9
  7971 | Lair:1   | Noticed an eight-headed hydra
  8102 | D:9      | Found Fiema's Weapon Shop.
  8147 | D:9      | Noticed Pikel
  8175 | D:9      | Killed Pikel
  8221 | D:9      | Noticed Grum
  8244 | D:9      | Killed Grum
  8244 | D:9      | Reached skill level 8 in Shields
  9117 | Lair:1   | Killed an eight-headed hydra
  9117 | Lair:1   | Reached skill level 9 in Shields
  9279 | Lair:1   | Reached skill level 10 in Shields
  9388 | Lair:1   | Noticed Sonja
  9397 | Lair:1   | Killed Sonja
  9397 | Lair:1   | Reached XP level 11. HP: 74/94 MP: 10/10
  9438 | Lair:1   | Noticed Gastronok
  9464 | Lair:1   | Killed Gastronok
  9464 | Lair:1   | Reached skill level 11 in Shields
  9777 | Lair:1   | Noticed a seven-headed hydra
  9859 | Lair:1   | Noticed Fannar
 10316 | Lair:4   | Noticed an eight-headed hydra
 10387 | Lair:3   | Noticed a seven-headed hydra
 10407 | Lair:3   | Noticed a death yak
 10407 | Lair:3   | Noticed a death yak
 10407 | Lair:3   | Noticed a death yak
 10426 | Lair:4   | Found a staircase to the Shoals.
 10454 | Lair:4   | Reached skill level 12 in Shields
 10627 | Lair:5   | Found a viscous altar of Jiyva.
 10627 | Lair:5   | Found a staircase to the Slime Pits.
 10631 | Lair:5   | Became a worshipper of Jiyva Jicue the Shapeless
 10778 | Lair:5   | Reached * piety under Jiyva
 10874 | Lair:5   | Noticed a six-headed hydra
 10914 | Lair:6   | Entered Level 6 of the Lair of Beasts
 10948 | Lair:6   | Reached ** piety under Jiyva
 10992 | Lair:6   | Noticed a merfolk avatar
 11026 | Lair:6   | HP: 1/94 [elephant (16)]
 11026 | Lair:6   | Slain by an elephant

Skill      XL: |  1  2  3  4  5  6  7  8  9 10 11 |
---------------+----------------------------------+-----
Unarmed Combat | 1 2 3 4 5 6 8 10 | 10.5
Throwing       | 4 5 |  5.7
Shields        | 1 2 3 4 7 10 12 | 12.8
Fighting       | |  1.5
Dodging        | |  1.5
Stealth        | |  0.3

Action                   |  1- 3 |  4- 6 |  7- 9 | 10-12 || total
-------------------------+-------+-------+-------+-------++-------
Melee: Unarmed           |   109 |   377 |   410 |   387 ||  1283
Throw: Large rock        |     1 |    15 |    27 |     8 ||    51
       Throwing net      |       |     2 |       |       ||     2
       Javelin           |       |       |     5 |    12 ||    17
Invok: Request Jelly     |       |       |       |     2 ||     2
Evoke: Wand              |       |       |       |     8 ||     8
  Use: Scroll            |       |    10 |     9 |     5 ||    24
       Potion            |       |       |     1 |    15 ||    16
 Stab: Sleeping          |     1 |     1 |     2 |     2 ||     6
       Held in net/web   |       |     1 |       |       ||     1
       Paralysed         |       |       |       |     1 ||     1
  Eat: Chunk             |    18 |    23 |    39 |    32 ||   112
Armor: Robe              |    55 |    30 |    55 |    63 ||   203
       Skin              |       |       |       |    14 ||    14
Dodge: Dodged            |    55 |    16 |    61 |    88 ||   220
Block: Large shield      |    62 |    87 |   235 |   341 ||   725
